 Dungeon Crawl Stone Soup version 0.20.1-1-g8b1a95d (console) character file.

125 hilaritas the Ruffian (level 4, 0/44 HPs)
             Began as a Troll Fighter on Dec 3, 2017.
             Slain by an orc priest (3 damage)
             ... on level 4 of the Dungeon.
             The game lasted 00:05:26 (1791 turns).

hilaritas the Ruffian (Troll Fighter)               Turns: 1791, Time: 00:05:27

Health: 0/44       AC:  5    Str: 24    XL:     4   Next: 82%
Magic:  3/3        EV:  8    Int:  5    God:
Gold:   157        SH: 10    Dex: 13    Spells: 3/3 levels left

rFire    . . .     SeeInvis +     - Unarmed
rCold    . . .     Gourm    +   b - +1 shield
rNeg     . . .     Faith    .   a - +0 robe
rPois    .         Spirit   .   (helmet restricted)
rElec    .         Reflect  .   (no cloak)
rCorr    .         Harm     .   (gloves unavailable)
MR       .....                  (boots unavailable)
Stlth    ++........             (no amulet)
Regen    0.6/turn               (no ring)
MPRegen  0.1/turn               (no ring)

@: very slightly contaminated, invisible
A: unfitting armour, claws 3, thin skeletal structure 1, see invisible, agile 1,
fast metabolism 3, gourmand, regeneration 1, shaggy fur 1, tough skin 2,
evolution 1
a: no special abilities


You were on level 4 of the Dungeon.
You were very full.

You visited 1 branch of the dungeon, and saw 4 of its levels.

You collected 157 gold pieces.

Inventory:

Hand Weapons
 e - a +0 mace
Armour
 a - a +0 robe (worn)
 b - a +1 shield (worn)
Jewellery
 r - an uncursed ring of ice
Wands
 i - a wand of lightning (8/15)
 m - a wand of digging (9/24)
 t - a wand of acid (14/15)
Scrolls
 f - 5 scrolls of identify
Potions
 c - a potion of might
 g - 2 potions of mutation
 h - a potion of heal wounds {unknown}
 j - a potion of lignification {unknown}
 k - a potion of brilliance {unknown}
 n - a potion of invisibility
 s - 2 potions of magic {unknown}
 u - 2 potions of flight {unknown}
Books
 v - a book of Conjurations

   Spells                             Type                      Level
   a - Magic Dart                     Conjuration                  1
   b - Searing Ray                    Conjuration                  2
   c - Dazzling Spray                 Conjuration/Hexes            3
   d - Fulminant Prism                Conjuration/Hexes            4
   e - Force Lance                    Conjuration/Translocation    4
   f - Iskenderun's Mystic Blast      Conjuration                  4
Comestibles
 d - 3 bread rations
 l - a royal jelly
 o - a meat ration


   Skills:
 * Level 2.8 Fighting
 - Level 2.4 Dodging
 + Level 3.1 Shields
 * Level 4.1 Unarmed Combat


You had 3 spell levels left.
You didn't know any spells.

Dungeon Overview and Level Annotations

Branches:
Dungeon (4/15)
 Temple: D:4-7

Altars:


Innate Abilities, Weirdness & Mutations

You are too large for most types of armour.
You have claws for hands.
Your metabolism is lightning-fast.
You like to eat raw meat.
Your natural rate of healing is unusually fast.
You are covered in fur. (AC +1)
You have very tough skin. (AC +2)
You have a somewhat thin skeletal structure. (Dex +2, Stealth)
You have supernaturally acute eyesight. (SInv)
You are agile. (Dex +2)
You evolve.


Message History

You claw the orc!
You kill the orc!
The orc priest calls down the wrath of Beogh upon you.
Beogh smites you!
The orc priest calls down the wrath of Beogh upon you.
Beogh smites you!
* * * LOW HITPOINT WARNING * * *
You see here a leather armour.
You scratch the orc priest.
The orc priest is moderately wounded.
The orc priest hits you.
* * * LOW HITPOINT WARNING * * *
It was a potion of invisibility.
You fade into invisibility!
The orc priest hits you but does no damage.
You are very lightly contaminated with residual magic.
You closely miss the orc priest.
The orc priest is moderately wounded.
The orc priest hits you.
You die...

###.......########.#### #.#
.......##.# #......# #.#
###.#<....#####.##.#.# #.#
#.#...........##.#.# #.#
###.#..###########.#.#####.#
........... ..............#
........##### ####.#.#######
........##.. ..#.#.########
.........#.#####o#.#........#
.........#.#.) #o#.########.#
...........#.#.#@#.##...# #.#
........#..#.#.#.#.##.#.# #.#
........#......#.#.##.#.# #.#
......####.#<..#.#.##.#.# #.#
##....# #...#.#......#.# #.#
#....# ##... #...####.###.#
#....# #..###......#.....#
#..... .... #.....######.#
#.#### ###.# #....... ### ..
#.. ##..##### ... #...


You could see an orc priest and an orc.

Vanquished Creatures
  A worker ant (D:4)
  4 adders
  An ooze (D:1)
  3 dart slugs
  A leopard gecko (D:1)
  5 orcs (D:4)
  7 bats
  3 giant cockroaches
  2 goblins
  2 hobgoblins (D:1)
  3 jackals (D:3)
  2 quokkas (D:3)
  2 ball pythons
  4 frilled lizards
  5 kobolds
  10 rats
55 creatures vanquished.

Notes
Turn   | Place    | Note
-------+----------+-------------------------------------------
     0 | D:1      | hilaritas the Troll Fighter began the quest for the Orb.
     0 | D:1      | Reached XP level 1. HP: 22/22 MP: 0/0
   188 | D:1      | Reached XP level 2. HP: 29/29 MP: 1/1
   737 | D:2      | Reached XP level 3. HP: 36/36 MP: 2/2
   973 | D:2      | Reached skill level 3 in Unarmed Combat
  1375 | D:3      | Reached XP level 4. HP: 44/44 MP: 3/3
  1536 | D:4      | Gained mutation: You are agile. (Dex +2) [potion of mutation]
  1536 | D:4      | Gained mutation: You have supernaturally acute eyesight. (SInv) [potion of mutation]
  1536 | D:4      | Gained mutation: You have a somewhat thin skeletal structure. (Dex +2, Stealth) [potion of mutation]
  1536 | D:4      | Gained mutation: You evolve. [potion of mutation]
  1751 | D:4      | Reached skill level 4 in Unarmed Combat
  1789 | D:4      | HP: 2/44 [orc priest (4)]
  1791 | D:4      | Slain by an orc priest

Skill      XL: |  1  2  3  4 |
---------------+-------------+-----
Unarmed Combat | 3 4 |  4.1
Shields        | 3 |  3.1
Fighting       | |  2.8
Dodging        | |  2.4

Action                   |  1- 3 |  4- 6 || total
-------------------------+-------+-------++-------
Melee: Unarmed           |   105 |    38 ||   143
  Use: Scroll            |       |     8 ||     8
       Potion            |       |     2 ||     2
  Eat: Chunk             |    18 |     2 ||    20
Armor: Robe              |    35 |     3 ||    38
Dodge: Dodged            |    41 |    12 ||    53
Block: Shield            |    46 |    12 ||    58
